 Dungeon Crawl Stone Soup version 0.19.4-10-g532645f (console) character file.

449 Grinner the Ruffian (level 6, -2/59 HPs)
             Began as a Troll Monk on Feb 23, 2017.
             Slain by a worker ant (5 damage)
             ... on level 4 of the Dungeon.
             The game lasted 00:03:06 (1707 turns).

Grinner the Ruffian (Troll Monk)                    Turns: 1707, Time: 00:03:07

Health: -2/59      AC:  5    Str: 20    XL:     6   Next: 74%
Magic:  5/5        EV: 10    Int:  6    God:
Gold:   192        SH:  0    Dex: 14    Spells: 0 memorised, 5 levels left

rFire  + . .     SeeInvis .       - Unarmed
rCold  . . .     Gourm    +     a - +0 robe
rNeg   . . .     Faith    .     (no shield)
rPois  .         Spirit   .     (helmet restricted)
rElec  .         Reflect  .     (no cloak)
rCorr  .         Harm     .     (gloves unavailable)
MR     .....                    (boots unavailable)
Stlth  ++........               (no amulet)
                                (no ring)
                                n - ring of protection from fire

@: lethally poisoned (-2 -> -3)
A: unfitting armour, claws 3, fast metabolism 3, gourmand, regeneration 1,
shaggy fur 1, tough skin 2
a: no special abilities


You were on level 4 of the Dungeon.
You were very full.

You visited 1 branch of the dungeon, and saw 4 of its levels.

You collected 192 gold pieces.

Inventory:

Armour
 a - a +0 robe (worn)
Jewellery
 n - a ring of protection from fire (left claw)
Scrolls
 d - 2 scrolls of random uselessness {unknown}
 e - 2 scrolls of immolation {unknown}
 f - 4 scrolls of remove curse {unknown}
 j - 2 scrolls of identify {unknown}
 k - 2 scrolls of fog {unknown}
 o - a scroll of fear {unknown}
Potions
 g - a potion of magic {unknown}
 l - 2 potions of ambrosia
Comestibles
 b - 5 bread rations
 c - 2 meat rations
 i - a beef jerky
 m - 3 fruits


   Skills:
 - Level 2.4 Fighting
 - Level 2.4 Dodging
 - Level 1.0 Stealth
 + Level 7.7 Unarmed Combat


You had 5 spell levels left.
You didn't know any spells.

Dungeon Overview and Level Annotations

Branches:
Dungeon (4/15)
 Temple: D:4-7

Altars:
Gozag


Innate Abilities, Weirdness & Mutations

You are too large for most types of armour.
You have claws for hands.
Your metabolism is lightning-fast.
You like to eat raw meat.
Your natural rate of healing is unusually fast.
You are covered in fur. (AC +1)
You have very tough skin. (AC +2)


Message History

You kill the ogre!
A worker ant comes into view.
You closely miss the worker ant. The worker ant bites you.
* * * LOW HITPOINT WARNING * * *
You are poisoned.
The worker ant poisons you!
A ball python comes into view.
The ball python hisses angrily.
You scratch the worker ant.
The worker ant is lightly wounded.
You feel sick. The worker ant barely misses you.
You claw the worker ant!
The worker ant is severely wounded.
The worker ant barely misses you.
You closely miss the worker ant.
The worker ant is severely wounded.
You feel sick. The worker ant bites you.
* * * LOW HITPOINT WARNING * * *
The worker ant bites you.
You die...

##..#####.# #..## ##.#
..# .. #†## #..# #...
#.# ..# #.## #..# ##..
.## ##.#####..###... ##
#.............# #
###..#####..#..#
#####....# ##...S.#.#
##).<.#..# ##...@a..#
...####.####%...##))...#
#### ##.##...#.## #...##
...###..#..###.# ...$..
##.#......## #.# .....
##....##### #.. ..[..
##.#..### ##. ....
##.#....# .# ....
........... ..


You could see a worker ant and a ball python.

Vanquished Creatures
  Grinder (D:3)
  2 ogres (D:4)
  2 adders (D:3)
  An ooze (D:3)
  A dart slug (D:2)
  4 leopard geckos
  5 orcs (D:3)
  4 bats
  A giant cockroach (D:1)
  4 goblins
  5 hobgoblins
  4 jackals (D:4)
  6 kobolds
  5 frilled lizards
  A quokka skeleton (D:4)
  5 rats
51 creatures vanquished.

Notes
Turn   | Place    | Note
-------+----------+-------------------------------------------
     0 | D:1      | Grinner the Troll Monk began the quest for the Orb.
     0 | D:1      | Reached XP level 1. HP: 22/22 MP: 0/0
   125 | D:1      | Reached XP level 2. HP: 28/29 MP: 1/1
   790 | D:2      | Reached skill level 4 in Unarmed Combat
  1024 | D:2      | Reached XP level 3. HP: 36/36 MP: 2/2
  1061 | D:2      | Found an opulent altar of Gozag.
  1326 | D:3      | Reached XP level 4. HP: 44/44 MP: 3/3
  1343 | D:3      | Reached skill level 5 in Unarmed Combat
  1477 | D:3      | Noticed Grinder
  1484 | D:3      | Paralysed by Grinder for 7 turns
  1501 | D:3      | Killed Grinder
  1501 | D:3      | Reached skill level 6 in Unarmed Combat
  1501 | D:3      | Reached XP level 5. HP: 8/50 MP: 4/4
  1501 | D:3      | Reached XP level 6. HP: 10/59 MP: 5/5
  1663 | D:4      | Reached skill level 7 in Unarmed Combat
  1706 | D:4      | HP: 2/59 [worker ant (6)]
  1707 | D:4      | Slain by a worker ant

Skill      XL: |  1  2  3  4  5  6 |
---------------+-------------------+-----
Unarmed Combat | 4 6 7 |  7.7
Fighting       | |  2.4
Dodging        | |  2.4
Stealth        | |  1.0

Action                   |  1- 3 |  4- 6 || total
-------------------------+-------+-------++-------
Melee: Unarmed           |    86 |    42 ||   128
       Punch             |     2 |       ||     2
  Use: Potion            |     1 |     3 ||     4
 Stab: Sleeping          |     4 |       ||     4
  Eat: Chunk             |    15 |     4 ||    19
Armor: Robe              |    21 |     7 ||    28
Dodge: Dodged            |    53 |    18 ||    71
